 Dungeon Crawl Stone Soup version 0.28.0-53-g5a82cb258f (webtiles) character file.

Game seed: 4707279317087554966

3283 cbfl8 the Cleaver (level 9, 0/80 HPs)
             Began as a Minotaur Berserker on Sept 3, 2022.
             Was a Priest of Trog.
             Killed from afar by a steam dragon (11 damage)
             ... with a ball of steam
             ... on level 8 of the Dungeon.
             The game lasted 00:06:48 (9501 turns).

cbfl8 the Cleaver (Minotaur Berserker)              Turns: 9501, Time: 00:06:49

Health: 0/80       AC:  9    Str: 23    XL:     9   Next: 69%
Magic:  8/8        EV: 12    Int:  4    God:    Trog [***...]
Gold:   397        SH:  0    Dex: 13    Spells: 8/8 levels left

rFire   . . .      SeeInvis .   v - +0 war axe
rCold   . . .      Faith    .   (no shield)
rNeg    . . .      Spirit   .   p - +0 scale mail
rPois   .          Reflect  .   (helmet restricted)
rElec   .          Harm     .   (no cloak)
rCorr   .          Rampage  .   b - +0 pair of gloves
Will    .....                   (no boots)
Stlth   ..........              (no amulet)
HPRegen 0.23/turn               (no ring)
MPRegen 0.11/turn               (no ring)

@: studying Armour
A: horns 2, retaliatory headbutt
a: Renounce Religion, Berserk, Trog's Hand


You were on level 8 of the Dungeon.
You worshipped Trog.
Trog was most pleased with you.
You visited 1 branch of the dungeon, and saw 8 of its levels.

You collected 397 gold pieces.

Inventory:

Hand Weapons
 v - a +0 war axe (weapon)
Missiles
 t - a throwing net
Armour
 b - a +0 pair of gloves (worn)
 p - a +0 scale mail (worn)
Wands
 g - a wand of iceblast (6) (quivered)
 o - a wand of flame (6)
Scrolls
 c - 3 scrolls of teleportation
 d - a scroll of holy word
 e - 2 scrolls of fear {unknown}
 f - a scroll of silence
 h - a scroll of immolation
 j - 3 scrolls of enchant weapon {unknown}
 n - a scroll of identify
 r - 2 scrolls of noise {unknown}
Potions
 a - a potion of might
 i - a potion of haste {unknown}
 k - 3 potions of mutation {unknown}
 l - a potion of invisibility
 m - a potion of magic {unknown}
 q - a potion of cancellation {unknown}
 s - 2 potions of curing
 u - 2 potions of resistance {unknown}
 w - a potion of brilliance {unknown}
 x - a potion of heal wounds {unknown}


   Skills:
 * Level 7.7 Fighting
 * Level 10.6 Axes
 + Level 8.5 Armour
 * Level 5.7 Dodging
 + Level 1.7 Stealth
 * Level 4.3 Evocations


You had 8 spell levels left.
You didn't know any spells.
Your spell library was empty.

Dungeon Overview and Level Annotations

Branches:
Dungeon (8/15)             Temple (0/1) D:4            Lair (0/6) D:8

Altars:
Zin


Innate Abilities, Weirdness & Mutations

You have a pair of horns on your head.
You reflexively headbutt those who attack you in melee.


Message History

The steam dragon is lightly wounded.
You hit the fungus.
You are engulfed in a cloud of scalding steam.
The fungus is engulfed in a cloud of scalding steam. x3
The steam dragon barely misses you. The steam dragon claws you.
The steam dragon breathes steam at you. The ball of steam misses you.
You completely miss the steam dragon. You headbutt the steam dragon.
The steam dragon is moderately wounded.
You slash the fungus!
The fungus is engulfed in a cloud of scalding steam. x3
The steam dragon barely misses you. The steam dragon closely misses you.
You slash the steam dragon! You headbutt the steam dragon!
The steam dragon is almost dead.
You closely miss the steam dragon. You hit the fungus.
You are engulfed in a cloud of scalding steam.
A nearby fungus withers and dies. x3
The steam dragon bites you but does no damage.
The steam dragon claws you. The steam dragon bites you.
* * * LOW HITPOINT WARNING * * *
The steam dragon closely misses you.
You closely miss the steam dragon.
The steam dragon is almost dead.
You hit the steam dragon.
A nearby fungus withers and dies.
The steam dragon closely misses you. You furiously retaliate!
You headbutt the steam dragon. The steam dragon closely misses you.
The steam dragon bites you!
* * * LOW HITPOINT WARNING * * *
The steam dragon claws you.
* * * LOW HITPOINT WARNING * * *
You slash the steam dragon!
You kill the steam dragon!
Trog accepts your kill.
You slash the steam dragon! The steam dragon bites you.
* * * LOW HITPOINT WARNING * * *
The steam dragon claws you.
* * * LOW HITPOINT WARNING * * *
The steam dragon breathes steam at you. The ball of steam hits you!
You die...

#.#####.P#
#.
#....##.≈#
#.
#....#P..#
####'
#....#..[#
#...)
#....#..P#
#....
##...#...#
###....
#.###≈.^#
#......
#.###..≈##
#......
#.##[≈@D.#
#......
#.##≈....P#
###....
#.#≈P.....≈#
#....
#.#PP....≈.#
#....
#.##P....^^#
####'
#..#P...P.##
#.
##.###P≈.##
#.
#...#######
#.
###.......#
#.


You could see a steam dragon (catching breath).

Vanquished Creatures
  Joseph (D:7)
  A steam dragon (D:8)
  Edmund (D:6)
  Menkaure (D:4)
  2 water moccasins
  An acid dragon (D:8)
  An ogre (D:7)
  A hornet zombie (D:7)
  2 necrophages (D:6)
  A sky beast (D:7)
  3 black bears
  A phantom (D:4)
  2 centaurs
  3 bullfrogs
  2 kobold brigands (D:7)
  2 scorpions (D:7)
  4 wights (D:8)
  3 electric eels (D:7)
  2 gnoll shamans
  A hound (D:3)
  4 orc priests
  A bullfrog skeleton (D:5)
  A centaur skeleton (D:6)
  An iguana (D:5)
  Terence (D:2)
  An orc wizard (D:7)
  A killer bee zombie (D:7)
  11 gnolls
  8 adders
  A shadow imp (D:6)
  2 dart slugs (D:3)
  18 orcs
  6 ball pythons
  7 endoplasms
  2 giant cockroaches
  3 goblins
  5 hobgoblins
  3 quokkas
  5 bats
  3 frilled lizards
  9 kobolds
  3 rats
131 creatures vanquished.

Vanquished Creatures (others)
  4 fungi (D:8)
  15 plants (D:7)
19 creatures vanquished.

Grand Total: 150 creatures vanquished

Notes
Turn   | Place    | Note
-------+----------+-------------------------------------------
     0 | D:1      | cbfl8 the Minotaur Berserker began the quest for the Orb.
     0 | D:1      | Reached XP level 1. HP: 19/19 MP: 0/0
    95 | D:1      | Reached skill level 4 in Axes
    95 | D:1      | Reached XP level 2. HP: 27/27 MP: 1/1
  1015 | D:2      | HP: 1/27 [poisoned by an adder]
  1018 | D:2      | Reached XP level 3. HP: 7/33 MP: 2/2
  1629 | D:2      | Noticed Terence
  1643 | D:2      | Killed Terence
  1644 | D:2      | Reached XP level 4. HP: 23/41 MP: 3/3
  2120 | D:3      | Reached ** piety under Trog
  2397 | D:3      | Found a faded altar of an unknown god.
  2438 | D:3      | Reached skill level 1 in Evocations
  2554 | D:3      | Reached skill level 5 in Fighting
  2817 | D:4      | Reached XP level 5. HP: 43/48 MP: 4/4
  2917 | D:4      | Noticed a phantom
  2923 | D:4      | Killed a phantom
  2924 | D:4      | Reached skill level 5 in Axes
  3318 | D:4      | Found a staircase to the Ecumenical Temple.
  3431 | D:4      | Noticed a black bear
  3437 | D:4      | Killed a black bear
  3438 | D:4      | Reached XP level 6. HP: 47/56 MP: 5/5
  3715 | D:4      | Noticed Menkaure
  3722 | D:4      | Killed Menkaure
  4098 | D:5      | Entered Level 5 of the Dungeon
  4147 | D:5      | Reached skill level 6 in Axes
  4282 | D:5      | Found a glowing silver altar of Zin.
  4413 | D:5      | Noticed a water moccasin
  4417 | D:5      | Reached XP level 7. HP: 62/62 MP: 6/6
  4706 | D:5      | Reached skill level 1 in Stealth
  5110 | D:6      | Noticed Edmund
  5118 | D:6      | Reached skill level 7 in Axes
  5118 | D:6      | Reached skill level 5 in Armour
  5129 | D:6      | Killed Edmund
  5130 | D:6      | Reached XP level 8. HP: 22/67 MP: 7/7
  5928 | D:6      | Reached skill level 8 in Axes
  7518 | D:7      | Noticed Joseph
  7569 | D:7      | Killed Joseph
  7570 | D:7      | Reached skill level 9 in Axes
  7570 | D:7      | Reached skill level 5 in Dodging
  7570 | D:7      | Reached XP level 9. HP: 20/79 MP: 8/8
  7924 | D:7      | Reached *** piety under Trog
  8210 | D:7      | Reached skill level 10 in Axes
  8636 | D:8      | Found a staircase to the Lair.
  9501 | D:8      | Killed from afar by a steam dragon

Illustrated notes

Levels and vault maps discovered:
D:1:      mrwooster_arrival_arrow, layout_basic, st_stairs_4, interstate_on_off
D:2:      layout_rooms, grunt_decor_fettered, corexii_hall_statues_x,
          uniq_terence
D:3:      layout_rooms, nicolae_ecumenical_oubliette,
          chequers_serial_rivers_micro_d
D:4:      cheibrodos_quashed, layout_basic, minmay_temple_entry_wispy,
          uniq_menkaure
D:5:      layout_basic, zin_academy
D:6:      layout_rooms, minmay_manual_mess, uniq_edmund
D:7:      layout_loops_ring, serial_park_tiny_2, chequers_big_river,
          small_statue_alley_b, uniq_joseph
D:8:      kennysheep_steamy, layout_basic, lair_entry_dummy

Skill      XL: |  1  2  3  4  5  6  7  8  9 |
---------------+----------------------------+-----
Fighting       | 4 5 6 7 |  7.7
Axes           | 4 5 6 7 9 10 | 10.6
Evocations     | 1 2 4 |  4.3
Dodging        | 3 4 5 |  5.7
Armour         | 3 4 5 6 8 |  8.5
Stealth        | 1 |  1.7

Action                   |  1- 3 |  4- 6 |  7- 9 || total
-------------------------+-------+-------+-------++-------
Melee: Hand axe          |    62 |    85 |    75 ||   222
       Headbutt          |    10 |    18 |    47 ||    75
       Punch             |       |     2 |       ||     2
       War axe           |       |       |   128 ||   128
Invok: Berserk           |     1 |     1 |     5 ||     7
       Trog's Hand       |       |       |     1 ||     1
Evoke: Wand              |       |     1 |     2 ||     3
  Use: Potion            |     4 |       |       ||     4
       Scroll            |       |     1 |     5 ||     6
Armor: Animal skin       |     4 |       |       ||     4
       Ring mail         |     8 |    27 |       ||    35
       Scale mail        |       |     1 |    89 ||    90
Dodge: Dodged            |    37 |    54 |   133 ||   224
